 Dungeon Crawl Stone Soup version 0.28-a0-726-g4a9143789a (webtiles) character file.

Game seed: 15300716542936230355

2014 lunkers the Magician (level 9, -1/68 HPs)
             Began as a Djinni Cinder Acolyte on Oct 27, 2021.
             Was a High Priest of Ignis.
             Slain by a two-headed ogre (24 damage)
             ... on level 8 of the Dungeon.
             The game lasted 00:11:15 (9050 turns).

lunkers the Magician (Djinni Cinder Acolyte)        Turns: 9050, Time: 00:11:16

Health: -1/68      AC: 13    Str: 13    XL:     9   Next: 46%
Gold:   338        EV:  9    Int: 19    God:    Ignis [*****.] SH:  2 Dex:  9

rFire   + + +      SeeInvis .   a - -1 falchion (flame)
rCold   x . .      Faith    .   e - +0 buckler
rNeg    . . .      Spirit   .   A - +5 ring mail "Zakkazolug" {+Blink}
rPois   ∞          Reflect  .   (no helmet)
rElec   .          Harm     .   t - +1 cloak
rCorr   .          Rampage  .   w - +0 pair of gloves
Will    .....                   (boots unavailable)
Stlth   ..........              (no amulet)
HPRegen 0.21/turn               (no ring)
MPRegen 0.00/turn               (no ring)

@: flying
A: sickness immunity, fire resistance 2, cold vulnerability 1, float, innate
caster, hp casting, extra vitality 1
a: Renounce Religion, Evoke Blink, Sea of Fire, Foxfire Swarm, Rising Flame


You were on level 8 of the Dungeon.
You worshipped Ignis.
Ignis was extremely pleased with you.
You visited 1 branch of the dungeon, and saw 8 of its levels.

You collected 338 gold pieces.

Inventory:

Hand Weapons
 a - a -1 falchion of flaming (weapon)
 s - a +2 quarterstaff of chaos
Armour
 b - a +0 robe
 e - a +0 buckler (worn)
 t - a +1 cloak (worn)
 w - a +0 pair of gloves (worn)
 A - the +5 ring mail "Zakkazolug" (worn) {+Blink}
   (You found it on level 7 of the Dungeon)

   +Blink:    It lets you blink.
Jewellery
 d - a ring of ice
 p - a ring of willpower
Wands
 i - a wand of flame (47)
 m - a wand of digging (8)
 r - a wand of charming (12)
Scrolls
 c - 2 scrolls of teleportation
 o - a scroll of acquirement {unknown}
 q - a scroll of summoning {unknown}
 u - a scroll of magic mapping {unknown}
 v - a scroll of enchant weapon {unknown}
 x - a scroll of enchant armour {unknown}
 y - a scroll of blinking {unknown}
Potions
 f - 3 potions of might
 g - a potion of resistance {unknown}
 h - a potion of flight {unknown}
 j - 2 potions of attraction {unknown}
 k - a potion of brilliance {unknown}
 l - 2 potions of curing
 n - a potion of magic {unknown}
 z - a potion of ambrosia {unknown}


   Skills:
 + Level 7.4 Fighting
 - Level 2.6 Long Blades
 * Level 7.8 Spellcasting


You had 13 spell levels left.
You knew the following spells:

 Your Spells              Type           Power      Damage    Failure   Level
a - Shock                 Conj/Air       100%       1d9       1%          1
b - Call Imp              Summ           37%        N/A       1%          2
c - Passwall              Tmut/Erth      30%        N/A       1%          2
d - Portal Projectile     Hex/Tloc       74%        N/A       4%          3
p - Scorch                Fire           74%        2d9       1%          2
Your spell library was empty.

Dungeon Overview and Level Annotations

Branches:
Dungeon (8/15)             Temple (0/1) D:4
   Lair: D:8-11

Altars:
Dithmenos
Elyvilon
Makhleb
Okawaru
Trog
Xom

Shops:
D:1 (   D:7 *


Innate Abilities, Weirdness & Mutations

You are immune to sickness and miasma.
You are immune to poison.
Your flesh is very heat resistant. (rF++)
You are vulnerable to cold. (rC-)
You float through the air rather than walking.
You learn spells naturally, not from books.
Your magical power is your life essence.
You have superior vitality. (+4 HP)


Message History

The zap hits the two-headed ogre!
The two-headed ogre is lightly wounded.
Casting: Shock (safe; 1% risk of failure)
Confirm with . or Enter, or press ? or * to list all spells.
The zap hits the two-headed ogre.
The two-headed ogre is moderately wounded.
Casting: Shock (safe; 1% risk of failure)
Confirm with . or Enter, or press ? or * to list all spells.
Okay, then.
Casting: Scorch (safe; 1% risk of failure)
Press: ? - help, Q - select action, (/) - cycle Dir - look around, f - activate Flames lash the two-headed ogre.
The two-headed ogre is heavily wounded.
The two-headed ogre's fire resistance burns away.
Casting: Scorch (safe; 1% risk of failure)
Press: ? - help, Q - select action, (/) - cycle Dir - look around, f - activate Flames lash the two-headed ogre.
The two-headed ogre is burned terribly!
The two-headed ogre is heavily wounded.
You hear a howl!
Casting: Scorch (safe; 1% risk of failure)
Press: ? - help, Q - select action, (/) - cycle Dir - look around, f - activate Flames lash the two-headed ogre.
The two-headed ogre is heavily wounded.
The two-headed ogre hits you with a +0 giant club!!
* * * LOW HITPOINT WARNING * * *
The two-headed ogre hits you with a +0 dire flail!
* * * LOW HITPOINT WARNING * * *
Casting: Scorch (safe; 1% risk of failure)
Press: ? - help, Q - select action, (/) - cycle Dir - look around, f - activate Flames lash the two-headed ogre.
The two-headed ogre is burned terribly!
The two-headed ogre is severely wounded.
* * * LOW HITPOINT WARNING * * *
Unknown command.
Casting: Scorch (safe; 1% risk of failure)
Press: ? - help, Q - select action, (/) - cycle Dir - look around, f - activate Flames lash the two-headed ogre.
The two-headed ogre is burned terribly!
The two-headed ogre is severely wounded.
* * * LOW HITPOINT WARNING * * *
The two-headed ogre hits you with a +0 giant club!!
You die...

# ###
##..##.##.##..
#.....@.......
#.....O......>
#.............
#.............
##...####...##
#... ...# ....
.$.. #..:.
....


You could see a two-headed ogre (combustible).

Vanquished Creatures
  Grinder (D:3)
  3 water moccasins
  2 sky beasts
  An ogre (D:5)
  A necrophage (D:5)
  2 centaurs
  2 bullfrogs (D:4)
  2 water moccasin zombies
  2 water moccasin skeletons (D:4)
  2 orc priests (D:7)
  A centaur skeleton (D:5)
  2 hounds (D:6)
  Crazy Yiuf (D:6)
  6 orc wizards
  Ijyb (D:4)
  A mummy (D:7)
  A hound skeleton (D:5)
  2 howler monkey zombies
  A gnoll (D:1)
  10 adders
  A shadow imp (D:7)
  2 white imps
  4 worms
  3 dart slugs (D:3)
  17 orcs
  6 bats
  8 endoplasms
  5 goblins
  5 hobgoblins
  8 kobolds
  A quokka (D:3)
  12 ball pythons
  6 frilled lizards
  2 hobgoblin zombies (D:7)
  A kobold zombie (D:7)
  An orc zombie (D:7)
  6 rats
132 creatures vanquished.

Vanquished Creatures (others)
  7 fungi
  4 plants (D:3)
11 creatures vanquished.

Grand Total: 143 creatures vanquished

Notes
Turn   | Place    | Note
-------+----------+-------------------------------------------
     0 | D:1      | lunkers the Djinni Cinder Acolyte began the quest for the
                  | Orb.
     0 | D:1      | Reached XP level 1. HP: 20/20 MP: 0/0
    48 | D:1      | Reached XP level 2. HP: 8/25 MP: 0/0
   564 | D:1      | Reached XP level 3. HP: 28/30 MP: 0/0
   564 | D:1      | Learned a level 1 spell: Shock
   862 | D:1      | Found Orozxy's Weapon Shoppe.
  1370 | D:2      | Reached XP level 4. HP: 24/36 MP: 0/0
  2203 | D:3      | Reached XP level 5. HP: 27/41 MP: 0/0
  2203 | D:3      | Learned a level 2 spell: Call Imp
  2924 | D:3      | Noticed Grinder
  2933 | D:3      | Killed Grinder
  2934 | D:3      | Reached XP level 6. HP: 16/48 MP: 0/0
  3785 | D:3      | Found a faded altar of an unknown god.
  3916 | D:4      | Reached XP level 7. HP: 42/53 MP: 0/0
  3916 | D:4      | Learned a level 2 spell: Passwall
  3919 | D:4      | Reached skill level 5 in Fighting
  3919 | D:4      | Reached skill level 5 in Spellcasting
  4406 | D:4      | Found a white marble altar of Elyvilon.
  4461 | D:4      | Found a burning altar of Makhleb.
  4552 | D:4      | Found a staircase to the Ecumenical Temple.
  4567 | D:4      | Noticed Ijyb
  4573 | D:4      | Killed Ijyb
  4888 | D:4      | Found a shimmering altar of Xom.
  4933 | D:5      | Entered Level 5 of the Dungeon
  4933 | D:5      | Noticed a water moccasin
  4937 | D:5      | Killed a water moccasin
  4938 | D:5      | Reached XP level 8. HP: 43/60 MP: 0/0
  6733 | D:6      | Found a shadowy altar of Dithmenos.
  7285 | D:6      | Found a runed translucent door.
  7286 | D:6      | Noticed Crazy Yiuf
  7656 | D:6      | Killed Crazy Yiuf
  7773 | D:7      | Found Qunadaq's General Store.
  7793 | D:7      | Found a bloodstained altar of Trog.
  7837 | D:7      | Reached XP level 9. HP: 61/67 MP: 0/0
  7837 | D:7      | Learned a level 3 spell: Portal Projectile
  7971 | D:7      | Found an iron altar of Okawaru.
  8590 | D:7      | Identified the +5 ring mail "Zakkazolug" {+Blink}
  9041 | D:8      | Noticed a two-headed ogre
  9050 | D:8      | Slain by a two-headed ogre

Illustrated notes

Levels and vault maps discovered:
D:1:      psy_arrival_fountain, layout_rooms, serial_shops, shop
D:2:      layout_loops_cross, minmay_pentomino_p2
D:3:      layout_basic, dreamdust_ecumenical_altar_hidden_monk_grotto,
          minmay_fractal_squares_5, uniq_grinder
D:4:      layout_basic, lemuel_tele_altar, lightli_temple_of_fire,
          xom_teletrap_fun, minmay_temple_entry_overgrown, uniq_ijyb
D:5:      layout_basic, eino_tiny_chamber
D:6:      layout_basic, lemuel_round_altar, serial_rivers,
          chequers_serial_rivers_micro_c, chequers_serial_rivers_large_a,
          chequers_serial_rivers_small_b, chequers_serial_rivers_micro_a,
          chequers_serial_rivers_micro_d, chequers_serial_rivers_room_a,
          uniq_crazy_yiuf_cottage
D:7:      layout_loops_cross, mainiacjoe_overflow_small_starburst,
          mainiacjoe_overflow_paths, serial_shops, nicolae_stop_n_shop_1,
          minmay_misc_feat_cross, minmay_mini_ossuary
D:8:      layout_gridville, kennysheep_little_box, mainiacjoe_overflow_alcove_1,
          mainiacjoe_overflow_big_doors, gammafunk_ghost_cemetery, uniq_psyche

Skill      XL: |  1  2  3  4  5  6  7  8  9 |
---------------+----------------------------+-----
Spellcasting   | 3 4 5 7 |  7.8
Fighting       | 4 5 6 7 |  7.4
Long Blades    | |  2.6

Action                   |  1- 3 |  4- 6 |  7- 9 || total
-------------------------+-------+-------+-------++-------
Melee: Falchion          |     7 |       |     1 ||     8
 Cast: Scorch            |    21 |    33 |   131 ||   185
       Shock             |    25 |    60 |    54 ||   139
  Use: Scroll            |       |       |     4 ||     4
Armor: Robe              |     2 |     1 |     3 ||     6
       Ring mail         |       |       |     8 ||     8
Dodge: Dodged            |     8 |     8 |    14 ||    30
Block: Buckler           |       |       |     1 ||     1

Table legend: (Time is in decaauts)
 A = Elapsed time spent in this place.
 B = Non-inter-level travel time spent in this place.
 C = Inter-level travel time spent in this place.
 D = Time resting spent in this place.
 E = Time spent auto-exploring this place.
 F = Levels seen in this place.
 G = Mean time per level.
                   A        B        C        D        E       F      G
               +--------+--------+--------+--------+--------+-----+--------+
         Total |   9049 |   8847 |    202 |    407 |   7619 |   8 | 1131.1 |
       Dungeon |   9049 |   8847 |    202 |    407 |   7619 |   8 | 1131.1 |
               +--------+--------+--------+--------+--------+-----+--------+

Top non-repeatable levels by time:
     D:3: 1694 daAuts
     D:5: 1639 daAuts
     D:7: 1266 daAuts
     D:6: 1200 daAuts
     D:1: 1113 daAuts
     D:2: 1077 daAuts
     D:4: 1047 daAuts
     D:8: 9 daAuts
